 Dungeon Crawl Stone Soup version 0.30.0-29-ga12c61a403 (webtiles) character file.

Game seed: 13514599065017235412

3885 qw the Cleaver (level 10, -15/64 HPs)
             Began as a Gargoyle Fighter on June 3, 2023.
             Demolished by a two-headed ogre
             ... wielding a +0 giant spiked club
              (16 damage)
             ... on level 8 of the Dungeon.
             The game lasted 00:03:57 (7313 turns).

qw the Cleaver (Gargoyle Fighter)                   Turns: 7313, Time: 00:03:58

Health: -15/64     AC: 25    Str: 25    XL:     10   Next: 19%
Magic:  10/10      EV:  7    Int:  8    God:
Gold:   188        SH:  4    Dex:  7    Spells: 9/9 levels left

rFire   + + .        n - +1 war axe (vamp)
rCold   + . .        c - +0 buckler
rNeg    + . .        b - +0 plate armour
rPois   inf          r - +0 helmet
rElec   +            g - scarf {rC+ rF+}
rCorr   .            p - +1 pair of gloves
SInv    .            t - +0 pair of boots
Will    .....        (no amulet) Stlth
                     (no ring)
HPRegen 0.30/turn    (no ring)
MPRegen 0.12/turn

%: no passive effects
@: about to teleport
A: sickness immunity, AC +7, negative energy resistance 1, electricity
resistance, torment resistance 1, petrification resistance, clumsy 1, fire
resistance 1, screaming 1
a: no special abilities


You were on level 8 of the Dungeon.
You visited 2 branches of the dungeon, and saw 9 of its levels.
You also visited: Sewer.

You collected 370 gold pieces.
You spent 182 gold pieces at shops.


Innate Abilities, Weirdness & Mutations

You are immune to sickness and miasma.
Your stone body is resilient. (AC +7)
You are immune to poison.
You resist negative energy. (rN+)
You are resistant to electric shocks. (rElec)
You are resistant to unholy torment.
You are immune to petrification.
You are clumsy. (Dex -2)
Your flesh is heat resistant. (rF+)
You occasionally shout uncontrollably at your foes.


   Skills:
 - Level 8.1 Fighting
 - Level 10.0 Axes
 - Level 2.0 Throwing
 - Level 7.0 Armour
 - Level 1.0 Dodging
 + Level 4.1 Shields


You had 9 spell levels left.
You didn't know any spells.
Your spell library was empty.

Inventory:

Hand Weapons
 n - a +1 vampiric war axe (weapon)
 q - a +0 morningstar
Armour
 b - a +0 plate armour (worn)
 c - a +0 buckler (worn)
 e - a +0 cloak
 g - a scarf of resistance (worn)
 p - a +1 pair of gloves (worn)
 r - a +0 helmet (worn)
 t - a +0 pair of boots (worn)
Wands
 k - a wand of digging (6)
Scrolls
 a - 3 scrolls of teleportation
 h - 2 scrolls of identify
 u - a scroll of blinking {unknown}
Potions
 d - 4 potions of might
 f - 4 potions of haste
 i - a potion of mutation
 j - a potion of lignification
 l - 7 potions of curing
 m - a potion of cancellation
 o - a potion of heal wounds

Dungeon Overview and Level Annotations

Branches:
Dungeon (8/15)             Temple (1/1) D:4           Sewer (visited)
   Lair: D:8-11

Altars:
Ashenzari
Cheibriados
Elyvilon
Fedhas
Gozag
Kikubaaqudgha
Makhleb
Nemelex Xobeh
Qazlal
Sif Muna
Uskayaw
Vehumet
Wu Jian
Xom
Yredelemnul
Zin
The Shining One

Shops:
D:6 ((!


Message History

You hit the orc.
You kill the orc!
You barely miss something. The orc barely misses you.
Your Fighting skill increases to level 8!
You slash the two-headed ogre!
The two-headed ogre is lightly wounded.
The orc barely misses you.
You hit the two-headed ogre.
The two-headed ogre is lightly wounded.
The orc throws a boomerang.
The boomerang barely misses you.
The two-headed ogre hits you with a +0 giant spiked club!!
The two-headed ogre hits you but does no damage.
You slash the two-headed ogre!
The two-headed ogre is heavily wounded.
You slash the basilisk! The orc barely misses you. The basilisk gazes at you.
You are unaffected.
The two-headed ogre hits you with a +0 giant spiked club!!
The two-headed ogre hits you with a +0 giant spiked club.
You slash the two-headed ogre!
You feel better.
The two-headed ogre is heavily wounded.
You closely miss the basilisk. You block the basilisk's attack.
You slash the two-headed ogre!
You feel better.
The two-headed ogre is almost dead.
You hit the basilisk.
You feel better. The orc barely misses you.
The two-headed ogre hits you with a +0 giant spiked club!!
The two-headed ogre hits you with a +0 giant spiked club!
The basilisk bites you.
7313 ||| READING 4 scrolls of teleportation.
As you read the scroll of teleportation, it crumbles to dust.
You feel strangely unstable.
The orc hits you from afar with a +0 trident.
The basilisk bites you but does no damage.
The two-headed ogre barely misses you.
The two-headed ogre hits you with a +0 giant spiked club!
You die...

...###.#.# ##..
#...#.#.#######<#
.###...#..........
...^.....#######.##
.........#### #.#####
[###.....%..####......
#............>..#
...##.......#.())##
.### #..>....#..@l.#
#...........O......
##.....######o..##.
777...# ##.(.. 77...
.#. 77..# .. .


You could see a two-headed ogre, a basilisk and an orc.

Vanquished Creatures
  Joseph (D:8)
  Prince Ribbit (D:8)
  Sigmund (D:2)
  A wyvern (D:8)
  3 water moccasins
  3 black bears
  An orc warrior (D:7)
  2 ogres
  5 centaurs
  A phantom (D:4)
  A kobold brigand (D:8)
  2 bullfrogs
  A gnoll sergeant (D:7)
  A scorpion (D:3)
  3 wights (D:6)
  7 killer bees (D:7)
  3 electric eels (D:8)
  2 howler monkeys (D:8)
  2 hounds
  3 jellies
  4 orc priests
  Terence (D:2)
  3 iguanas
  6 orc wizards
  Natasha (D:4)
  5 gnolls (D:7)
  11 adders
  2 river rats (Sewer)
  A shadow imp (D:6)
  2 ufetubi
  A worm (Sewer)
  3 dart slugs
  20 orcs
  6 ball pythons
  19 endoplasms
  7 giant cockroaches
  6 goblins
  3 hobgoblins
  3 jackals (D:5)
  5 quokkas
  6 bats
  7 frilled lizards
  7 kobolds
  9 rats
182 creatures vanquished.

Notes
Turn   | Place    | Note
-------+----------+-------------------------------------------
     0 | D:1      | qw the Gargoyle Fighter began the quest for the Orb.
     0 | D:1      | Reached XP level 1. HP: 14/14 MP: 1/1
     0 | D:1      | 0 ||| qw: Version: 0.2-a-103-g5a998e5
     0 | D:1      | 0 ||| qw: Game counter: 1054
     0 | D:1      | 0 ||| qw: Always use a shield: true
     0 | D:1      | 0 ||| qw: God list: Okawaru
     0 | D:1      | 0 ||| qw: Allow faded altars: false
     0 | D:1      | 0 ||| qw: Do Orc after D:15 true
     0 | D:1      | 0 ||| qw: Do second Lair branch before Depths: true
     0 | D:1      | 0 ||| qw: Lair rune preference: random
     0 | D:1      | 0 ||| qw: Plans: Normal, Zot:1-4, Slime:5, God:TSO, Crypt,
                  | Tomb, Pan, Hells, Abyss, Win
     0 | D:1      | 0 ||| PLANNING D:1-11
    86 | D:1      | Reached skill level 2 in Axes
    96 | D:1      | 96 ||| Stepping ~*~*~tactically~*~*~ (hiding).
   245 | D:1      | Reached XP level 2. HP: 19/19 MP: 2/2
   383 | D:1      | Reached skill level 3 in Axes
   420 | D:1      | Reached XP level 3. HP: 23/23 MP: 3/3
   817 | D:1      | 817 ||| UPGRADING to scarf of resistance.
   822 | D:1      | 822 ||| READING scroll labelled LOANUN QOMO.
   823 | D:1      | 823 ||| READING scroll labelled OROYRA XIERIU.
   824 | D:1      | 824 ||| READING scroll labelled SYGUCV KYKI.
   825 | D:1      | 825 ||| READING scroll labelled DEOQI YBRAT.
   857 | D:2      | 857 ||| Stepping ~*~*~tactically~*~*~ (stealth).
   934 | D:2      | Noticed Terence
   948 | D:2      | Killed Terence
   949 | D:2      | Reached XP level 4. HP: 10/28 MP: 4/4
  1029 | D:2      | 1029 ||| Stepping ~*~*~tactically~*~*~ (stealth).
  1030 | D:2      | 1030 ||| Stepping ~*~*~tactically~*~*~ (stealth).
  1093 | D:2      | Reached skill level 4 in Axes
  1145 | D:2      | Noticed Sigmund
  1146 | D:2      | 1146 ||| Stepping ~*~*~tactically~*~*~ (hiding).
  1147 | D:2      | 1147 ||| Stepping ~*~*~tactically~*~*~ (hiding).
  1175 | D:2      | Killed Sigmund
  1176 | D:2      | Reached skill level 5 in Axes
  1176 | D:2      | Reached XP level 5. HP: 25/32 MP: 5/5
  1228 | D:2      | Reached XP level 6. HP: 37/37 MP: 6/6
  1725 | D:2      | 1725 ||| UPGRADING to +0 chain mail.
  1735 | D:2      | 1735 ||| DROPPING +0 scale mail.
  1736 | D:2      | 1736 ||| READING scroll labelled UBRUM KUERCHEO.
  1737 | D:2      | 1737 ||| READING scroll labelled JUOSI QIFO.
  1957 | D:3      | 1957 ||| Stepping ~*~*~tactically~*~*~ (stealth).
  2509 | D:3      | 2509 ||| UPGRADING to +0 plate armour.
  2519 | D:3      | 2519 ||| DROPPING +0 chain mail.
  2520 | D:3      | 2520 ||| READING scroll labelled JETSAIS JESTRO GUA.
  2521 | D:3      | 2521 ||| DRINKING 3 sedimented red potions.
  2562 | D:4      | 2562 ||| PLANNING SEWER
  2601 | D:4      | Reached skill level 6 in Axes
  2625 | D:4      | Reached XP level 7. HP: 41/43 MP: 7/7
  2732 | D:4      | Found a glowing drain.
  2737 | Sewer    | Entered a sewer
  2901 | Sewer    | 2901 ||| Stepping ~*~*~tactically~*~*~ (water).
  2921 | Sewer    | 2921 ||| Stepping ~*~*~tactically~*~*~ (water).
  2996 | Sewer    | Found a viscous altar of Jiyva.
  3097 | Sewer    | 3097 ||| READING scroll labelled ASMEUT OR PUERA.
  3098 | Sewer    | 3098 ||| DRINKING 3 white potions.
  3099 | Sewer    | 3099 ||| DRINKING 2 silvery potions.
  3099 | Sewer    | Gained mutation: You occasionally shout uncontrollably at
                  | your foes. [potion of mutation]
  3099 | Sewer    | Gained mutation: You are clumsy. (Dex -2) [potion of
                  | mutation]
  3099 | Sewer    | Gained mutation: Your flesh is heat resistant. (rF+)
                  | [potion of mutation]
  3100 | Sewer    | 3100 ||| DRINKING 2 blue potions.
  3101 | Sewer    | 3101 ||| DRINKING 2 sapphire potions.
  3102 | Sewer    | 3102 ||| DROPPING 2 potions of invisibility.
  3103 | Sewer    | 3103 ||| DROPPING potion of magic.
  3119 | D:4      | 3119 ||| PLANNING D:1-11
  3206 | D:4      | Reached skill level 7 in Axes
  3409 | D:4      | 3409 ||| Stepping ~*~*~tactically~*~*~ (hiding).
  3410 | D:4      | 3410 ||| Stepping ~*~*~tactically~*~*~ (stealth).
  3495 | D:4      | 3495 ||| DROPPING +0 whip.
  3496 | D:4      | 3496 ||| DROPPING +0 flail.
  3500 | D:4      | Noticed Natasha
  3513 | D:4      | Killed Natasha
  3639 | D:4      | Found a staircase to the Ecumenical Temple.
  3640 | D:4      | 3640 ||| PLANNING TEMPLE
  3648 | D:4      | 3648 ||| READING scroll labelled PEURYE VEUST.
  3649 | D:4      | 3649 ||| DRINKING 2 fizzy golden potions.
  3650 | D:4      | 3650 ||| DROPPING potion of degeneration.
  3657 | Temple   | Entered the Ecumenical Temple
  3708 | Temple   | 3708 ||| PLANNING D:1-11
  3789 | D:4      | Noticed an angel
  3791 | D:4      | Found a glowing silver altar of Zin.
  4080 | D:4      | 4080 ||| DRINKING 2 cyan potions.
  4106 | D:4      | 4106 ||| DRINKING 4 grey potions.
  4107 | D:4      | 4107 ||| READING 2 scrolls of identify.
  4107 | D:4      | 4107 ||| IDENTIFYING dark potion
  4136 | D:5      | Entered Level 5 of the Dungeon
  4154 | D:5      | Reached XP level 8. HP: 32/49 MP: 8/8
  4461 | D:5      | Found a sparkling altar of Nemelex Xobeh.
  4461 | D:5      | Found an opulent altar of Gozag.
  4493 | D:5      | Reached skill level 8 in Axes
  4555 | D:5      | Found a hide-covered altar of Uskayaw.
  4667 | D:5      | 4667 ||| READING scroll of enchant weapon.
  4667 | D:5      | 4667 ||| ENCHANTING +0 vampiric war axe.
  4859 | D:5      | 4859 ||| Stepping ~*~*~tactically~*~*~ (hiding).
  5159 | D:5      | 5159 ||| UPGRADING to +1 pair of gloves.
  5164 | D:5      | 5164 ||| UPGRADING to +0 helmet.
  5169 | D:5      | 5169 ||| UPGRADING to +0 pair of boots.
  5174 | D:5      | 5174 ||| READING scroll labelled ETAITU CU WALI.
  5264 | D:6      | Found Huobbiwu's Weapon Shoppe.
  5277 | D:6      | 5277 ||| Stepping ~*~*~tactically~*~*~ (stealth).
  5278 | D:6      | 5278 ||| Stepping ~*~*~tactically~*~*~ (stealth).
  5280 | D:6      | Reached skill level 6 in Fighting
  5290 | D:6      | 5290 ||| Stepping ~*~*~tactically~*~*~ (stealth).
  5291 | D:6      | 5291 ||| Stepping ~*~*~tactically~*~*~ (stealth).
  5295 | D:6      | Reached skill level 1 in Dodging
  5297 | D:6      | 5297 ||| Stepping ~*~*~tactically~*~*~ (stealth).
  5300 | D:6      | 5300 ||| Stepping ~*~*~tactically~*~*~ (stealth).
  5349 | D:6      | 5349 ||| Stepping ~*~*~tactically~*~*~ (hiding).
  5351 | D:6      | 5351 ||| Stepping ~*~*~tactically~*~*~ (hiding).
  5353 | D:6      | 5353 ||| Stepping ~*~*~tactically~*~*~ (hiding).
  5360 | D:6      | Reached XP level 9. HP: 54/55 MP: 9/9
  5466 | D:6      | Found Vyafupli's Distillery.
  5480 | D:6      | 5480 ||| BUYING potion of curing (39 gold).
  5480 | D:6      | Bought a potion of curing for 39 gold pieces
  5480 | D:6      | 5480 ||| BUYING potion of curing (39 gold).
  5480 | D:6      | Bought a potion of curing for 39 gold pieces
  5480 | D:6      | 5480 ||| BUYING potion of curing (39 gold).
  5480 | D:6      | Bought a potion of curing for 39 gold pieces
  5480 | D:6      | 5480 ||| BUYING potion of heal wounds (65 gold).
  5480 | D:6      | Bought a potion of heal wounds for 65 gold pieces
  5480 | D:6      | 5480 ||| SHOPLISTING potion of might (52 gold, have 35).
  5605 | D:6      | Found Loaq's Weapon Shop.
  5613 | D:6      | 5613 ||| SHOPLISTING +2 war axe of electrocution (269 gold,
                  | have 56).
  6044 | D:6      | 6044 ||| READING 3 scrolls of identify.
  6044 | D:6      | 6044 ||| IDENTIFYING golden potion
  6045 | D:6      | 6045 ||| DROPPING potion of brilliance.
  6143 | D:7      | 6143 ||| Stepping ~*~*~tactically~*~*~ (hiding).
  6346 | D:7      | 6346 ||| Stepping ~*~*~tactically~*~*~ (hiding).
  6354 | D:7      | Reached skill level 9 in Axes
  6356 | D:7      | Reached skill level 6 in Armour
  6382 | D:7      | Identified the +5 dagger "Touck" {speed, Fly rF+ Str-3
                  | Int+2}
  6389 | D:7      | 6389 ||| Stepping ~*~*~tactically~*~*~ (stealth).
  6390 | D:7      | 6390 ||| Stepping ~*~*~tactically~*~*~ (stealth).
  6445 | D:7      | 6445 ||| Stepping ~*~*~tactically~*~*~ (stealth).
  6447 | D:7      | 6447 ||| Stepping ~*~*~tactically~*~*~ (hiding).
  6574 | D:7      | Identified the +1 rapier "Rime" {freeze, rCorr Str+3
                  | Stlth+}
  6972 | D:7      | 6972 ||| READING scroll labelled ITEDIH XOIPPI.
  6995 | D:8      | Found Tezom's Changing Room.
  6997 | D:8      | Noticed Joseph
  7020 | D:8      | HP: 8/57 [Joseph/sling bullet (8)]
  7021 | D:8      | 7021 ||| READING 5 scrolls of teleportation.
  7022 | D:8      | 7022 ||| DRINKING 2 potions of heal wounds.
  7024 | D:8      | 7024 ||| STAIRDANCE
  7150 | D:8      | Killed Joseph
  7220 | D:8      | Reached skill level 10 in Axes
  7283 | D:8      | Noticed Prince Ribbit
  7286 | D:8      | Reached XP level 10. HP: 57/63 MP: 10/10
  7302 | D:8      | Killed Prince Ribbit
  7302 | D:8      | Noticed a two-headed ogre
  7312 | D:8      | HP: 9/64 [two-headed ogre/+0 giant spiked club (10)]
  7312 | D:8      | HP: 3/64 [basilisk (6)]
  7313 | D:8      | 7313 ||| READING 4 scrolls of teleportation.
  7313 | D:8      | HP: 1/64 [orc/+0 trident (2)]
  7313 | D:8      | Demolished by a two-headed ogre

Levels and vault maps discovered:
D:1:      lemuel_arrival_tunnels, layout_basic, minmay_distorted
D:2:      layout_loops_ring, hangedman_decor_clover_reticule, uniq_sigmund,
          uniq_terence
D:3:      layout_basic
D:4:      layout_basic, zin_angel, minmay_temple_entry_arrows,
          portal_sewer_entry_e, uniq_natasha
D:5:      layout_basic, nicolae_uskayaw_suspiria, grunt_temple_overflow_opulence
D:6:      layout_rooms, serial_shops, shop, nicolae_shop_advertising_works
          [nicolae_subvault_shop_adworks], shop, nicolae_hexahallways
D:7:      layout_loops_ring
D:8:      layout_rooms, mainiacjoe_overflow_tiny_flanked,
          minmay_lair_entry_grove, serial_shops, nicolae_shop_peninsula,
          serial_bayou, serial_bayou_lagoon_a, serial_bayou_pond_e,
          serial_bayou_shore_b, serial_bayou_crossing, serial_bayou_ford_a,
          nicolae_transmutations_shop, hangedman_decor_lopped, uniq_maggie,
          uniq_pikel, uniq_joseph, uniq_grum, uniq_prince_ribbit1
Temple:   cyrus_circular_temple

Skill      XL: |  1  2  3  4  5  6  7  8  9 10 |
---------------+-------------------------------+-----
Axes           | 2 3 5 6 7 8 10 | 10.0
Fighting       | 4 5 6 7 8 |  8.1
Armour         | 4 5 6 7 |  7.0
Throwing       | 2 |  2.0
Dodging        | 1 |  1.0
Shields        | 4 |  4.1

Action                     |  1- 3 |  4- 6 |  7- 9 | 10-12 || total
---------------------------+-------+-------+-------+-------++-------
  Melee: War axe           |    59 |   100 |   486 |    27 ||   672
  Throw: Javelin           |       |       |    24 |       ||    24
    Use: Scroll            |     4 |     3 |     8 |     1 ||    16
         Potion            |       |     1 |     8 |       ||     9
 Armour: Scale mail        |    29 |    24 |       |       ||    53
         Chain mail        |       |    14 |       |       ||    14
         Plate armour      |       |    13 |   445 |    46 ||   504
  Dodge: Dodged            |    13 |    33 |   151 |    23 ||   220
  Block: Buckler           |     5 |    17 |    87 |     9 ||   118

Table legend:
 A = Non-vault XP
 B = Vault XP
 C = Vault XP percentage of total XP
 D = Non-vault monster count
 E = Vault monster count
 F = Vault count percentage of total count
                 A         B        C        D         E       F
            +---------+---------+-------+---------+---------+-------
      Total |    3934 |    1617 |  29.1 |     146 |      36 |  19.8
            +---------+---------+-------+---------+---------+-------
        D:1 |      39 |       3 |   7.1 |      20 |       2 |   9.1
        D:2 |      57 |     250 |  81.4 |      16 |       2 |  11.1
        D:3 |     120 |       0 |   0.0 |      12 |       0 |   0.0
        D:4 |     520 |      35 |   6.3 |      30 |       1 |   3.2
        D:5 |     714 |       0 |   0.0 |      12 |       0 |   0.0
        D:6 |     772 |       0 |   0.0 |      17 |       0 |   0.0
        D:7 |    1084 |       0 |   0.0 |      26 |       0 |   0.0
        D:8 |     628 |    1179 |  65.2 |      13 |       5 |  27.8
      Sewer |       0 |     150 | 100.0 |       0 |      26 | 100.0
            +---------+---------+-------+---------+---------+-------
